 Dungeon Crawl Stone Soup version 0.25.0-1-g7eea58d2a3 (webtiles) character file.

Game seed: 955707516085092881

16644 nikku the Eclecticist (level 12, -6/71 (72) HPs)
             Began as a Deep Elf Conjurer on June 13, 2020.
             Was a High Priest of Dithmenos.
             Killed from afar by a hell knight (13 damage)
             ... with a puff of flame
             ... on level 11 of the Dungeon.
             The game lasted 01:18:03 (16147 turns).

nikku the Eclecticist (Deep Elf Conjurer)          Turns: 16147, Time: 01:18:03

HP:   -6/71 (72)    AC:  9    Str:  5    XL:     12   Next: 11%
MP:   4/51          EV: 13    Int: 24    God:    Dithmenos [*****.]
Gold: 468           SH: 12    Dex: 16    Spells: 15/41 levels left

rFire    . . .     SeeInvis .   J - staff of wizardry
rCold    . . .     Gourm    .   A - +2 buckler
rNeg     + . .     Faith    .   N - +0 robe {Archmagi}
rPois    +         Spirit   .   h - +1 helmet
rElec    .         Reflect  +   y - +2 ratskin cloak {+Rats rPois rN+ Str-1 Int-1 Dex+1}
rCorr    .         Harm     .   (no gloves)
MR       +....                  f - +1 pair of boots
Stlth    +++++++...             g - amulet of reflection
HPRegen  0.21/turn              o - ring of magical power
MPRegen  0.32/turn              L - ring of magical power

@: wreathed by umbra
A: no striking features
a: Shadow Step, Shadow Form, Renounce Religion, Evoke Ratskin


You were on level 11 of the Dungeon.
You worshipped Dithmenos.
Dithmenos was extremely pleased with you.
You were hungry.

You visited 1 branch of the dungeon, and saw 11 of its levels.

You collected 708 gold pieces.
You spent 240 gold pieces at shops.

Inventory:

Hand Weapons
 b - a +3 whip of freezing
Missiles
 r - 12 poisoned darts (quivered)
Armour
 f - a +1 pair of boots (worn)
 h - a +1 helmet (worn)
 n - a +0 kite shield
 q - a +2 leather armour of fire resistance
 y - the +2 ratskin cloak (worn) {+Rats rPois rN+ Str-1 Int-1 Dex+1}
   (You found it on level 6 of the Dungeon)

   It affects your strength (-1).
   It affects your intelligence (-1).
   It affects your dexterity (+1).
   It protects you from poison.
   It protects you from negative energy.
 A - a +2 buckler (worn)
 G - a +1 robe of cold resistance
 N - a +0 robe of the Archmagi (worn)
Magical Staves
 J - an uncursed staff of wizardry (weapon)
Jewellery
 g - an amulet of reflection (around neck)
 o - a ring of magical power (left hand)
 L - a ring of magical power (right hand)
Wands
 d - a wand of flame (18)
 l - a wand of disintegration (8)
 w - a wand of random effects (39)
 x - a wand of enslavement (8)
 E - a wand of acid (4)
 F - a wand of iceblast (22)
 K - a wand of paralysis (7)
Scrolls
 a - 3 scrolls of amnesia
 p - a scroll of blinking
 s - 6 scrolls of teleportation
 z - 2 scrolls of enchant weapon
 B - a scroll of identify
 I - 3 scrolls of remove curse
 M - a scroll of magic mapping
Potions
 e - 4 potions of heal wounds
 i - 2 potions of brilliance
 j - a potion of haste {unknown}
 k - 4 potions of might
 t - 4 potions of curing
 u - a potion of magic
 v - a potion of ambrosia {unknown}
 C - 2 potions of mutation
 D - 4 potions of flight
 H - a potion of cancellation {unknown}
 O - a potion of invisibility
Comestibles
 c - 16 rations


   Skills:
 + Level 7.0 Fighting
 - Level 2.4 Dodging
 - Level 9.6 Stealth
 - Level 5.1 Shields
 * Level 15.0 Spellcasting
 - Level 8.1 Conjurations
 + Level 4.2 Hexes
 - Level 6.3 Translocations
 + Level 2.2 Transmutations
 + Level 2.2 Earth Magic


You had 15 spell levels left.
You knew the following spells:

 Your Spells              Type           Power        Failure   Level  Hunger
a - Magic Dart            Conj           ####         1%          1    None
b - Searing Ray           Conj           ######       1%          2    None
c - Iskenderun's Mystic   Conj/Tloc      ######..     1%          4    None
d - Blink                 Tloc           N/A          1%          2    None
e - Invisibility          Hex            ######..     32%         6    ####...
f - Passwall              Tmut/Erth      #####...     1%          2    None
g - Petrify               Tmut/Erth      #####...     5%          4    None
h - Lee's Rapid Deconstr  Erth           #####.....   14%         5    ##.....

Your spell library contained the following spells:

 Spells                   Type           Power        Failure   Level  Hunger
 Apportation              Tloc           ######       1%          1    None
 Infusion                 Chrm           ####         1%          1    None
 Sandblast                Erth           #####.       1%          1    None
 Summon Butterflies       Summ           ####....     1%          1    None
 Call Imp                 Summ           ####....     1%          2    None
 Shroud of Golubria       Chrm/Tloc      ######       1%          2    None
 Slow                     Hex            ######..     1%          2    None
 Conjure Flame            Conj/Fire      ######..     1%          3    None
 Dazzling Flash           Conj/Hex       ######       1%          3    None
 Lesser Beckoning         Tloc           ######....   1%          3    None
 Mephitic Cloud           Conj/Pois/Air  #####...     1%          3    None
 Stone Arrow              Conj/Erth      ######       1%          3    None
 Tukima's Dance           Hex            ######..     1%          3    None
 Fulminant Prism          Conj/Hex       ######....   1%          4    None
 Bolt of Magma            Conj/Fire/Erth ######....   9%          5    ##.....
 Alistair's Intoxication  Tmut/Pois      #####...     22%         5    ##.....
 Excruciating Wounds      Chrm/Necr      ####......   32%         5    ##.....


Dungeon Overview and Level Annotations

Branches:
Dungeon (11/15)            Temple (0/1) D:7            Lair (0/6) D:10
    Orc (0/2) D:10

Altars:
Ashenzari
Dithmenos
Elyvilon
Gozag
Kikubaaqudgha
Nemelex Xobeh
Ru
Sif Muna
Trog
Uskayaw
Vehumet
Wu Jian
Yredelemnul
Zin

Shops:
D:9 =

Annotations:
D:5 exclusion: statue
D:8 2 transporters, emiel's ghost, novice MiFi


Message History

Aiming: Magic Dart (safe; 1% risk of failure)
Press: ? - help, Shift-Dir - straight line, f/p - hell knight
Aim: a hell knight, wielding a +4 war axe and wearing a +0 chain mail (severely wounded, fast, soul bound, umbra)
You feel a surge of power!
The magic dart hits the hell knight but does no damage.
The hell knight is severely wounded.
Casting: Magic Dart (safe; 1% risk of failure)
Confirm with . or Enter, or press ? or * to list all spells.
Aiming: Magic Dart (safe; 1% risk of failure)
Press: ? - help, Shift-Dir - straight line, f/p - hell knight
Aim: a hell knight, wielding a +4 war axe and wearing a +0 chain mail (severely wounded, fast, soul bound, umbra)
You feel a surge of power!
The magic dart hits the hell knight!
The hell knight is severely wounded.
The hell knight's soul is no longer bound.
The hell knight points at you and mumbles some strange words.
The puff of flame hits you!
* * * LOW HITPOINT WARNING * * *
The hell knight points at you and mumbles some strange words.
The puff of flame hits you!
You die...

.....#############.#...#
.....# ..#.#...# .....#
####.#.#...# .....#
..#.#.....# .....#
#.#.#.....# .....#
#†≈.#.##### .....#
#)≈)#.#...# .....#
#p§.#.....# .....#
#.#@#.....# .....# ..
#.#.#####
####.#.#########.#.#...#
.#...#....§÷§....#.....#
.#...####≈§§§≈####.....#
.#.........§§..........#
.......................#
................#......#
########################


You could see a hell knight (fast).

Vanquished Creatures
  Fannar (D:10)
  3 two-headed ogres
  Nergalle (D:10)
  3 hell knights (D:11)
  A wizard (D:10)
  2 necromancers (D:11)
  An ugly thing (D:11)
  A centaur skeleton (D:10)
  A kobold demonologist (D:11)
  3 trolls
  Grinder (D:3)
  3 hippogriffs
  4 yaks (D:9)
  Eustachio (D:6)
  3 hungry ghosts
  2 water moccasins
  7 hell hounds (D:11)
  3 ice beasts
  Duvessa (D:4)
  7 orc warriors
  4 phantoms
  3 sky beasts
  5 necrophages
  8 ogres
  2 black bears
  6 centaurs
  A big kobold (D:11)
  6 bullfrogs
  A gnoll sergeant (D:8)
  6 scorpions
  Dowan (D:4)
  A wyvern skeleton (D:10)
  5 killer bees (D:9)
  8 wights
  6 crimson imps
  5 howler monkeys
  A bullfrog zombie (D:10)
  2 centaur zombies
  A jelly (D:9)
  4 hounds
  8 orc priests
  Jessica (D:3)
  7 orc wizards
  Natasha (thrice) (D:3)
  4 iguanas
  A hell rat (D:6)
  10 worker ants
  2 hound zombies
  2 hound skeletons
  A howler monkey zombie (D:6)
  2 worker ant zombies
  14 gnolls
  14 adders
  6 river rats (D:6)
  2 shadow imps
  2 oozes
  2 adder skeletons (D:5)
  A worm (D:4)
  A dart slug (D:2)
  8 leopard geckos
  56 orcs
  6 ball pythons
  10 giant cockroaches
  6 goblins
  6 hobgoblins
  12 jackals
  10 kobolds
  3 quokkas
  12 bats
  3 frilled lizards (D:2)
  22 rats
362 creatures vanquished.

Notes
Turn   | Place    | Note
-------+----------+-------------------------------------------
     0 | D:1      | nikku the Deep Elf Conjurer began the quest for the Orb.
     0 | D:1      | Reached XP level 1. HP: 10/10 MP: 6/6
   244 | D:1      | Reached XP level 2. HP: 16/16 MP: 0/8
   248 | D:1      | Learned a level 2 spell: Searing Ray
   369 | D:1      | Found a sparkling altar of Nemelex Xobeh.
   494 | D:1      | Reached skill level 1 in Fighting
   898 | D:1      | Reached XP level 3. HP: 20/20 MP: 5/10
  1433 | D:2      | Learned a level 2 spell: Searing Ray
  1433 | D:2      | Reached skill level 4 in Spellcasting
  1445 | D:2      | Found a shattered altar of Ashenzari.
  1691 | D:2      | Reached XP level 4. HP: 19/25 MP: 3/12
  2381 | D:3      | Reached skill level 1 in Shields
  2381 | D:3      | Reached skill level 5 in Conjurations
  2389 | D:3      | Learned a level 4 spell: Iskenderun's Mystic Blast
  2653 | D:3      | Reached skill level 5 in Spellcasting
  2653 | D:3      | Reached XP level 5. HP: 30/30 MP: 6/14
  2752 | D:3      | Reached skill level 1 in Translocations
  3009 | D:3      | Noticed Jessica
  3037 | D:3      | Killed Jessica
  3140 | D:3      | Reached XP level 6. HP: 14/35 MP: 11/16
  3371 | D:3      | Noticed Natasha
  3377 | D:3      | Killed Natasha
  3377 | D:3      | Reached skill level 6 in Spellcasting
  3636 | D:3      | Noticed Grinder
  3641 | D:3      | Killed Grinder
  3641 | D:3      | Reached XP level 7. HP: 34/40 MP: 11/19
  3821 | D:3      | Noticed Natasha
  3824 | D:3      | Killed Natasha
  3952 | D:3      | Noticed Natasha
  3977 | D:3      | Killed Natasha
  3977 | D:3      | Reached skill level 7 in Spellcasting
  4379 | D:4      | Found a glowing silver altar of Zin.
  4481 | D:4      | Found a shadowy altar of Dithmenos.
  4481 | D:4      | Noticed Duvessa
  4482 | D:4      | Noticed Dowan
  4488 | D:4      | Killed Dowan
  4489 | D:4      | Killed Duvessa
  4560 | D:4      | Became a worshipper of Dithmenos the Shadowed
  4786 | D:4      | Reached skill level 8 in Spellcasting
  5027 | D:4      | Reached XP level 8. HP: 46/46 MP: 18/22
  5262 | D:5      | Entered Level 5 of the Dungeon
  5912 | D:5      | Reached skill level 9 in Spellcasting
  6529 | D:5      | Reached * piety under Dithmenos
  6607 | D:5      | Found a radiant altar of Vehumet.
  7267 | D:6      | Reached skill level 5 in Translocations
  7423 | D:6      | Reached ** piety under Dithmenos
  7457 | D:6      | Reached skill level 5 in Stealth
  7457 | D:6      | Reached skill level 10 in Spellcasting
  7612 | D:6      | Found the +2 ratskin cloak {+Rats rPois rN+ Str-1 Int-1
                  | Dex+1}
  7709 | D:6      | Noticed Eustachio
  7724 | D:6      | Killed Eustachio
  7724 | D:6      | Reached XP level 9. HP: 52/52 MP: 17/25
  7801 | D:6      | Found an ancient bone altar of Kikubaaqudgha.
  8341 | D:6      | Found an ornate altar of the Wu Jian Council.
  8342 | D:6      | Found an opulent altar of Gozag.
  8396 | D:6      | Found a shimmering blue altar of Sif Muna.
  8576 | D:6      | Found a hide-covered altar of Uskayaw.
  8791 | D:6      | Found a bloodstained altar of Trog.
  8792 | D:6      | Found a sacrificial altar of Ru.
  9054 | D:7      | Reached skill level 11 in Spellcasting
  9437 | D:7      | Found a staircase to the Ecumenical Temple.
  9523 | D:7      | Reached *** piety under Dithmenos
  9712 | D:8      | Noticed emiel's ghost (novice MiFi)
  9881 | D:8      | Reached skill level 5 in Fighting
  9912 | D:8      | Found a transporter.
 10101 | D:8      | Reached XP level 10. HP: 57/58 MP: 21/27
 10737 | D:8      | Reached skill level 12 in Spellcasting
 10742 | D:8      | Reached **** piety under Dithmenos
 10993 | D:8      | Found a transporter.
 11033 | D:8      | You fall into a shaft and drop 3 floors!
 11344 | D:10     | Entered Level 10 of the Dungeon
 11727 | D:9      | Identified Mocuop's Volume of Earthen Augmentations
 11776 | D:9      | Found a white marble altar of Elyvilon.
 12341 | D:9      | Learned a level 2 spell: Passwall
 12454 | D:9      | Found a basalt altar of Yredelemnul.
 12710 | D:9      | Found Suomp's Jewellery Shop.
 12719 | D:9      | Bought an uncursed ring of magical power for 240 gold
                  | pieces
 12797 | D:9      | Reached skill level 13 in Spellcasting
 13156 | D:10     | Noticed a two-headed ogre
 13169 | D:10     | Killed a two-headed ogre
 13174 | D:10     | Reached XP level 11. HP: 57/63 MP: 20/30
 13389 | D:10     | Noticed Fannar
 13401 | D:10     | Noticed a two-headed ogre
 13411 | D:10     | Killed a two-headed ogre
 13415 | D:10     | Killed Fannar
 13515 | D:10     | Noticed Nergalle
 13522 | D:10     | Killed Nergalle
 13715 | D:10     | Found a staircase to the Lair.
 13726 | D:10     | Noticed a wizard
 13735 | D:10     | Killed a wizard
 13982 | D:10     | Learned a level 6 spell: Invisibility
 14122 | D:10     | Reached skill level 14 in Spellcasting
 14157 | D:10     | Learned a level 2 spell: Blink
 14335 | D:10     | Reached skill level 1 in Hexes
 14336 | D:10     | Reached ***** piety under Dithmenos
 14447 | D:10     | Found a staircase to the Orcish Mines.
 14544 | D:11     | Noticed a two-headed ogre
 14551 | D:11     | Killed a two-headed ogre
 14817 | D:11     | Reached skill level 5 in Shields
 15352 | D:11     | Noticed a cyan ugly thing
 15357 | D:11     | Killed a cyan ugly thing
 15617 | D:11     | Learned a level 4 spell: Petrify
 15623 | D:11     | Learned a level 5 spell: Lee's Rapid Deconstruction
 16060 | D:11     | Noticed a hell knight
 16065 | D:11     | Noticed a necromancer
 16084 | D:11     | Killed a necromancer
 16084 | D:11     | Reached skill level 1 in Transmutations
 16084 | D:11     | Reached skill level 1 in Earth Magic
 16092 | D:11     | Noticed a hell knight
 16099 | D:11     | Killed a hell knight
 16100 | D:11     | Killed a hell knight
 16100 | D:11     | Reached XP level 12. HP: 32/70 MP: 10/32
 16119 | D:11     | Reached skill level 15 in Spellcasting
 16147 | D:11     | Killed from afar by a hell knight

Illustrated notes

Levels and vault maps discovered:
D:1:      dpeg_arrival_lava_temple_mockup, layout_basic, st_stairs_3,
          nemelex_xobeh_ov_fountains_minmay
D:2:      layout_basic, evilmike_ruin_ashenzari, first_ration
D:3:      layout_basic, uniq_natasha, uniq_grinder, uniq_jessica
D:4:      layout_basic, nicolae_dithmenos_through_a_glass_darkly,
          kennysheep_mini_moat, uniq_duvessa
D:5:      layout_cave_pools, vehumet_statue, minmay_puff
D:6:      wander_guarded_unrand_ratskin, layout_loops_ring,
          eat_drink_and_be_merry_uskayaw, nicolae_overflow_crystal_walls,
          marbit_many_paths, gammafunk_temple_overflow_statue,
          gammafunk_temple_overflow_pools, uniq_eustachio
D:7:      layout_loops_cross, minmay_temple_entry_crystal_x, grunt_ogre_cave,
          minivault_22
D:8:      layout_loops_ring, gammafunk_ghost_stat_death, serial_undead,
          serial_undead_d, serial_undead_f, serial_undead_c, serial_undead_c,
          hangedman_decor_opposing, st_stairs_14
D:9:      layout_loops_ring, kennysheep_ying_yang, serial_shops,
          nicolae_shop_trees
D:10:     layout_gridville, lair_entry_dummy, hiddenorc1_lemuel, st_stairs_13,
          lightli_wizard_tower, uniq_fannar, uniq_nergalle
D:11:     layout_grid_maze, minmay_rotating_lava

Skill      XL: |  1  2  3  4  5  6  7  8  9 10 11 12 |
---------------+-------------------------------------+-----
Fighting       | 1 2 3 4 5 6 7 |  7.0
Spellcasting   | 4 5 6 8 10 11 13 14 15 | 15.0
Shields        | 1 2 4 5 |  5.1
Conjurations   | 5 6 7 8 |  8.1
Translocations | 1 2 3 5 6 |  6.3
Stealth        | 3 5 6 8 9 |  9.6
Hexes          | 3 4 |  4.2
Transmutations | 1 2 |  2.2
Earth Magic    | 1 2 |  2.2
Dodging        | |  2.4

Action                   |  1- 3 |  4- 6 |  7- 9 | 10-12 || total
-------------------------+-------+-------+-------+-------++-------
Melee: Whip              |       |       |     1 |       ||     1
       Staff             |       |       |       |     1 ||     1
 Cast: Magic Dart        |    84 |    74 |   240 |   239 ||   637
       Searing Ray       |     1 |    11 |    75 |    78 ||   165
       Iskenderun's Myst |       |       |    12 |    48 ||    60
       Blink             |       |       |       |     1 ||     1
  Use: Scroll            |     6 |     2 |    10 |     7 ||    25
       Potion            |       |       |       |     3 ||     3
  Eat: Chunk             |     2 |     6 |    18 |    16 ||    42
       Ration            |       |       |     1 |       ||     1
Armor: Robe              |     6 |       |       |     3 ||     9
       Leather armour    |     1 |     5 |    29 |    11 ||    46
Dodge: Dodged            |    10 |     6 |    71 |    48 ||   135
Block: Other             |       |     3 |    29 |     7 ||    39
       Reflection        |       |       |     7 |     6 ||    13
       Buckler           |       |       |       |    38 ||    38
